 Dungeon Crawl Stone Soup version 0.23.1 (webtiles) character file.

Game seed: 16988104727451190908

73 Borgoz the Skirmisher (level 4, -3/29 HPs)
             Began as a Gargoyle Fighter on Mar 9, 2019.
             Slain by Crazy Yiuf
             ... wielding a +3 quarterstaff of chaos
              (7 damage)
             ... on level 2 of the Dungeon.
             The game lasted 00:02:11 (1561 turns).

Borgoz the Skirmisher (Gargoyle Fighter)            Turns: 1561, Time: 00:02:12

Health: -3/29      AC: 10    Str: 24    XL:     4   Next: 27%
Magic:  4/4        EV:  8    Int:  9    God:
Gold:   42         SH:  9    Dex: 10    Spells: 3/3 levels left

rFire    . . .     SeeInvis .   a - +0 flail
rCold    . . .     Gourm    .   c - +0 shield
rNeg     + . .     Faith    .   n - +0 ring mail (curse)
rPois    ∞         Spirit   .   (no helmet)
rElec    +         Reflect  .   (no cloak)
rCorr    .         Harm     .   k - +0 pair of gloves
MR       .....     Rnd*Tele +   (no boots)
Stlth    ..........             (no amulet)
HPRegen  0.09/turn              h - ring of teleportation (curse)
MPRegen  0.09/turn              (no ring)

@: mighty, slowed, very slow
A: negative energy resistance 1, electricity resistance, unbreathing,
petrification resistance, rot immunity, AC +3
a: no special abilities


You were on level 2 of the Dungeon.
You were not hungry.

You visited 1 branch of the dungeon, and saw 2 of its levels.

You collected 42 gold pieces.

Inventory:

Hand Weapons
 a - a +0 flail (weapon)
Armour
 b - a +0 scale mail
 c - a +0 shield (worn)
 k - a +0 pair of gloves (worn)
 n - a cursed +0 ring mail (worn)
Jewellery
 h - a cursed ring of teleportation (left hand)
 r - an uncursed ring of resist corrosion {unknown}
Scrolls
 e - 4 scrolls of identify {unknown}
 g - 2 scrolls of remove curse {unknown}
 l - 5 scrolls of magic mapping {unknown}
 o - 2 scrolls of teleportation {unknown}
 p - a scroll of fog {unknown}
Potions
 i - a potion of flight {unknown}
 j - a potion of agility {unknown}
 q - a potion of mutation {unknown}
 s - a potion of resistance {unknown}
Comestibles
 f - 4 rations
 m - a chunk of flesh


   Skills:
 + Level 3.8 Fighting
 + Level 3.0 Maces & Flails
 + Level 3.5 Armour
 + Level 1.0 Dodging
 + Level 3.7 Shields


You had 3 spell levels left.
You didn't know any spells.
Your spell library was empty.

Dungeon Overview and Level Annotations

Branches:
Dungeon (2/15)

Altars:
Okawaru

Annotations:
D:2 Crazy Yiuf


Innate Abilities, Weirdness & Mutations

You are resistant to torment.
Your stone body is resilient. (AC +3)
You are immune to poison.
You resist negative energy. (rN+)
You are resistant to electric shocks. (rElec)
You can survive without breathing.
You are immune to petrification.
You are immune to rotting.


Message History

Crazy Yiuf hits you with a +3 quarterstaff of chaos!
Crazy Yiuf burns you. You block Crazy Yiuf's attack.
You hit Crazy Yiuf.
Crazy Yiuf is lightly wounded.
Crazy Yiuf hits you with a +3 quarterstaff of chaos.
You feel yourself slow down.
You hit Crazy Yiuf but do no damage.
Crazy Yiuf is lightly wounded.
Crazy Yiuf hits you with a +3 quarterstaff of chaos.
You feel as though you will be slow longer.
Crazy Yiuf hits you but does no damage.
You feel very mighty all of a sudden.
Crazy Yiuf hits you with a +3 quarterstaff of chaos.
* * * LOW HITPOINT WARNING * * *
You feel as though you will be slow longer.
You barely miss Crazy Yiuf.
Crazy Yiuf is lightly wounded.
You block Crazy Yiuf's attack.
Crazy Yiuf hits you with a +3 quarterstaff of chaos!
You die...

#...............#...##÷.....
#.############.#...###.###..
#.# #.#..####.# #.. #.#
######....# #.. #.# ######
#.. #.######## #..
#.##...#.### ### ###
#.......#..##...#
#......####@g...# ##.#..##
###..)# ###### ###


You could see Crazy Yiuf.

Vanquished Creatures
  An ooze (D:2)
  A worm (D:2)
  A leopard gecko (D:1)
  5 bats
  12 giant cockroaches (D:2)
  9 goblins
  7 hobgoblins
  3 jackals (D:2)
  9 kobolds
  A ball python (D:2)
  2 frilled lizards
  5 rats
56 creatures vanquished.

Notes
Turn   | Place    | Note
-------+----------+-------------------------------------------
     0 | D:1      | Borgoz the Gargoyle Fighter began the quest for the Orb.
     0 | D:1      | Reached XP level 1. HP: 14/14 MP: 1/1
   156 | D:1      | Reached XP level 2. HP: 7/19 MP: 2/2
   562 | D:1      | Reached XP level 3. HP: 24/24 MP: 3/3
  1001 | D:2      | Found an iron altar of Okawaru.
  1316 | D:2      | Reached XP level 4. HP: 26/29 MP: 4/4
  1432 | D:2      | Reached skill level 1 in Dodging
  1552 | D:2      | Found a runed translucent door.
  1553 | D:2      | Noticed Crazy Yiuf
  1561 | D:2      | Slain by Crazy Yiuf

Skill      XL: |  1  2  3  4 |
---------------+-------------+-----
Maces & Flails | 3 |  3.0
Dodging        | 1 |  1.0
Fighting       | |  3.8
Armour         | |  3.5
Shields        | |  3.7

Action                   |  1- 3 |  4- 6 || total
-------------------------+-------+-------++-------
Melee: Flail             |   164 |    74 ||   238
  Use: Potion            |       |     1 ||     1
  Eat: Chunk             |     2 |     1 ||     3
Armor: Scale mail        |    53 |       ||    53
       Ring mail         |    42 |    67 ||   109
Dodge: Dodged            |    57 |    53 ||   110
Block: Shield            |   107 |    60 ||   167
